AoeStats
← NPG | gab

Arabia

510573556Analyzed
1v1 RM · 21h ago on Oct 1, 2026· 48m 2s· 2 players
Game mode
Random Map
Map size
Tiny (2 player)
Population
200
Speed
Normal
Resources
Standard
Victory
Conquest
Starting age
Dark Age
Ending age
Imperial Age
RankedLock teamsTeams togetherTeam positionsShared explorationLock speedFull tech treeHidden civsTurbo modeCheats
Victory
Defeat
🇩🇪 Dravidians · Germany
1301
+15
🇦🇷 Burmese · Argentina
1283
-15
NPG | gab
7:06 Loom
9:13 Feudal Age
15:00 Padded Archer Armor
18:12 Fletching
22:57 Castle Age
21:39 Horse Collar
23:34 Bodkin Arrow
24:23 Elite Skirmisher
26:49 Scale Barding Armor
41:18 Wheelbarrow
46:22 Imperial Age
44:33 Ballistics
Bummskopp7689
6:34 Loom
9:02 Feudal Age
9:22 Man-at-Arms
15:45 Fletching
18:38 Horse Collar
19:20 Gold Mining
19:20 Stone Mining
23:06 Castle Age
21:14 Double-Bit Axe
23:42 Bodkin Arrow
23:19 Crossbowman
42:47 Imperial Age
42:06 Ballistics
42:29 Padded Archer Armor
43:31 Thumb Ring
43:53 Bracer
44:40 Arbalester
48:26 Chemistry
48:25 Leather Archer Armor
Connection lost

Rejoining the realm…

Still unreachable

The connection could not be restored.

Session expired

The server has moved on; the page needs a fresh start.